 Dungeon Crawl Stone Soup version 0.23.2-40-g277498a001 (webtiles) character file.

Game seed: 1169398785598020995

145 BushDid911 the Ducker (level 5, -9/41 HPs)
             Began as a Minotaur Enchanter on Oct 7, 2019.
             Was a Believer of Lugonu.
             Killed by divine providence
             ... invoked by an orc priest
              (12 damage)
             ... on level 3 of the Dungeon.
             The game lasted 00:06:38 (2489 turns).

BushDid911 the Ducker (Minotaur Enchanter)          Turns: 2489, Time: 00:06:39

Health: -9/41      AC:  3    Str: 13 (14) XL:     5   Next: 6%
Magic:  6/6        EV: 14    Int: 10 (12) God:    Lugonu [**....]
Gold:   49         SH:  0    Dex:  9 (10) Spells: 5/6 levels left

rFire    . . .     SeeInvis .   a - +0 long sword
rCold    + . .     Gourm    .   (no shield)
rNeg     . . .     Faith    .   c - +0 leather armour
rPois    .         Spirit   .   (helmet restricted)
rElec    .         Reflect  .   j - +0 cloak
rCorr    .         Harm     .   (no gloves)
MR       .....                  (no boots)
Stlth    ++........             (no amulet)
HPRegen  0.13/turn              (no ring)
MPRegen  0.10/turn              (no ring)

@: no status effects
A: retaliatory headbutt, horns 2, repulsion field 1, cold resistance 1, deformed
body, deterioration 1
a: Depart the Abyss, Bend Space, Renounce Religion


You were on level 3 of the Dungeon.
You worshipped Lugonu.
Lugonu was pleased with you.
You were not hungry.

You visited 1 branch of the dungeon, and saw 3 of its levels.

You collected 49 gold pieces.

Inventory:

Hand Weapons
 a - a +0 long sword (weapon)
 b - a +0 short sword
 m - a +1 dagger
Missiles
 o - 43 bolts
Armour
 c - a +0 leather armour (worn)
 j - a +0 cloak (worn)
Scrolls
 f - a scroll of enchant weapon {unknown}
 h - 3 scrolls of identify {unknown}
 k - a scroll of random uselessness {unknown}
 l - a scroll of fear {unknown}
 n - a scroll of teleportation {unknown}
 p - a scroll of blinking {unknown}
Potions
 e - a potion of degeneration
Comestibles
 d - 6 rations


   Skills:
 * Level 2.2 Fighting
 - Level 1.5(1.9) Short Blades
 + Level 1.6(2.0) Long Blades
 * Level 3.0 Armour
 + Level 3.1 Dodging
 + Level 3.0 Stealth
 - Level 1.3 Spellcasting
 - Level 2.0 Hexes


You had 5 spell levels left.
You knew the following spells:

 Your Spells              Type           Power        Failure   Level  Hunger
a - Corona                Hex            #......      19%         1    ##.....

Your spell library contained the following spells:

 Spells                   Type           Power        Failure   Level  Hunger
 Ensorcelled Hibernation  Hex/Ice        #.....       38%         2    ###....
 Confuse                  Hex            #.......     50%         3    ####...
 Tukima's Dance           Hex            #.......     50%         3    ####...
 Dazzling Spray           Conj/Hex       #.....       63%         3    ####...


Dungeon Overview and Level Annotations

Branches:
Dungeon (3/15)

Altars:
Ashenzari
Cheibriados
Elyvilon
Gozag
Nemelex Xobeh
Zin
Lugonu


Innate Abilities, Weirdness & Mutations

You reflexively headbutt those who attack you in melee.
You have a pair of horns on your head.
You are surrounded by a mild repulsion field. (EV +2)
Your flesh is cold resistant. (rC+)
Armour fits poorly on your strangely shaped body.
Your body sometimes deteriorates upon taking damage.


Message History

Lugonu accepts your kill.
You closely miss the orc priest. The orc priest barely misses you.
You furiously retaliate!
You headbutt the orc priest!
You riposte.
You barely miss the orc priest.
The orc priest is heavily wounded.
You hit the orc priest but do no damage.
The orc priest is heavily wounded.
The orc priest barely misses you.
You riposte.
You hit the orc priest but do no damage.
The orc priest is heavily wounded.
You hit the orc priest.
The orc priest is severely wounded.
The orc priest looks satisfied for a moment.
The orc priest hits you with a +0 flail!
* * * LOW HITPOINT WARNING * * *
You closely miss the orc priest. Your headbutt misses the orc priest.
The orc priest is severely wounded.
The orc priest calls down the wrath of Beogh upon you.
Beogh smites you!
You die...

#.........##
##..#######
.........#
########.#
########.#####
.............#
########.###.#
#.###.######.#.#.
#.#......@ooJ....
############.#...


You could see an orc priest, an ooze and an orc.

Vanquished Creatures
  An orc priest (D:3)
  5 adders
  An ooze (D:2)
  A dart slug (D:2)
  2 leopard geckos
  4 orcs (D:3)
  6 giant cockroaches
  6 goblins
  6 hobgoblins
  9 kobolds
  4 quokkas (D:2)
  2 bats
  5 frilled lizards
  7 rats
59 creatures vanquished.

Vanquished Creatures (others)
  A plant (D:2)
1 creature vanquished.

Grand Total: 60 creatures vanquished

Notes
Turn   | Place    | Note
-------+----------+-------------------------------------------
     0 | D:1      | BushDid911 the Minotaur Enchanter began the quest for the
                  | Orb.
     0 | D:1      | Reached XP level 1. HP: 14/14 MP: 1/1
   373 | D:1      | Reached skill level 1 in Armour
   373 | D:1      | Reached XP level 2. HP: 22/22 MP: 3/3
   516 | D:1      | Reached skill level 1 in Fighting
   997 | D:2      | Found a glowing silver altar of Zin.
   997 | D:2      | Found a sparkling altar of Nemelex Xobeh.
   999 | D:2      | Reached XP level 3. HP: 27/28 MP: 4/4
  1003 | D:2      | Found a shattered altar of Ashenzari.
  1005 | D:2      | Found a white marble altar of Elyvilon.
  1007 | D:2      | Found a snail-covered altar of Cheibriados.
  1205 | D:2      | Found a glowing silver altar of Zin.
  1798 | D:2      | Reached XP level 4. HP: 36/36 MP: 5/5
  2354 | D:3      | Found a faded altar of an unknown god.
  2365 | D:3      | Became a worshipper of Lugonu the Unformed
  2365 | D:3      | Reached * piety under Lugonu
  2365 | D:3      | Reached ** piety under Lugonu
  2385 | D:3      | Found an opulent altar of Gozag.
  2420 | D:3      | Reached skill level 1 in Long Blades
  2454 | D:3      | Reached XP level 5. HP: 2/41 MP: 6/6
  2482 | D:3      | Gained mutation: Armour fits poorly on your strangely
                  | shaped body. [potion of mutation]
  2482 | D:3      | Gained mutation: Your body sometimes deteriorates upon
                  | taking damage. [potion of mutation]
  2482 | D:3      | Gained mutation: You are surrounded by a mild repulsion
                  | field. (EV +2) [potion of mutation]
  2482 | D:3      | Gained mutation: Your flesh is cold resistant. (rC+)
                  | [potion of mutation]
  2489 | D:3      | Killed from afar by an orc priest

Skill      XL: |  1  2  3  4  5 |
---------------+----------------+-----
Armour         | 1 2 3 |  3.0
Fighting       | 1 2 |  2.2
Stealth        | 3 |  3.0
Long Blades    | 1 |  1.6
Dodging        | 3 |  3.1
Short Blades   | |  1.5
Spellcasting   | |  1.3
Hexes          | |  2.0

Action                   |  1- 3 |  4- 6 || total
-------------------------+-------+-------++-------
Melee: Dagger            |    21 |       ||    21
       Headbutt          |    16 |     7 ||    23
       Short sword       |    27 |       ||    27
       Long sword        |    60 |    69 ||   129
  Use: Potion            |       |     5 ||     5
 Stab: Sleeping          |     5 |     1 ||     6
  Eat: Chunk             |     2 |       ||     2
       Ration            |       |     1 ||     1
Armor: Leather armour    |    21 |    14 ||    35
       Skin              |       |    20 ||    20
Dodge: Dodged            |    49 |    39 ||    88
       Rpst.: Long sword |    10 |    11 ||    21
